 Dungeon Sprint DCSS version 0.27-a0-216-g1fbed8a51c (webtiles) character file.

Game seed: 14776227268180886827

45588 mhtbhm the Executioner (level 14, -37/219 HPs)
             Began as a Minotaur Fighter on Feb 1, 2021.
             Was the Champion of Trog.
             Annihilated by Cops the pandemonium lord (38 damage)
             ... in the Dungeon (Sprint VII: "The Pits").
             The game lasted 00:08:29 (5491 turns).

mhtbhm the Executioner (Minotaur Fighter)           Turns: 5491, Time: 00:08:29

Health: -37/219    AC: 26    Str: 29    XL:     14   Next: 1%
Magic:  13/13      EV: 15    Int:  5    God:    Trog [******]
Gold:   29         SH: 16    Dex:  8    Spells: 13/13 levels left

rFire    . . .     SeeInvis .   a - +8 broad axe "Hogihef" {vorpal, rN+++ Will- Str+3 Dex-2}
rCold    . . .     Faith    .   c - +0 kite shield
rNeg     + + +     Spirit   .   b - +3 plate armour
rPois    .         Reflect  .   (helmet restricted)
rElec    .         Harm     .   d - +0 cloak
rCorr    .         Rampage  .   (no gloves)
Will     +....     NoTele   +   (no boots)
Stlth    ..........             (no amulet)
HPRegen  0.46/turn              n - ring of the Camelopard {Will+ EV+4 Stlth+}
MPRegen  0.13/turn              o - +3 ring of protection

@: berserking (expiring), very quick
A: retaliatory headbutt, horns 2
a: Renounce Religion, Berserk, Trog's Hand, Brothers in Arms


You were in the Dungeon.
You worshipped Trog.
Trog was exalted by your worship.
You visited 1 branch You collected 29 gold pieces.

Inventory:

Hand Weapons
 a - the +8 broad axe "Hogihef" (weapon) {vorpal, rN+++ Will- Str+3 Dex-2}
   (Trog gifted it to you in the Dungeon)

   It inflicts extra damage upon your enemies.
   It affects your strength (+3).
   It affects your dexterity (-2).
   It renders you almost immune to negative energy.
   It affects your willpower, your defense against some magical effects.
 t - the +7 broad axe "Ynaehomm" {flame, Str+3}
   (Trog gifted it to you in the Dungeon)

   It has been specially enchanted to burn those struck by it, causing extra
   injury to most foes and up to half again as much damage against particularly
   susceptible opponents.
   Big, fiery blades are also staple armaments of hydra-hunters.
   It affects your strength (+3).
Missiles
 r - 10 curare-tipped darts (quivered)
Armour
 b - a +3 plate armour (worn)
 c - a +0 kite shield (worn)
 d - a +0 cloak (worn)
Jewellery
 n - the ring of the Camelopard (left hand) {Will+ EV+4 Stlth+}
   (You found it in the Dungeon)

   [ring of evasion]

   It affects your evasion (+4).
   It affects your willpower, your defense against some magical effects.
   It makes you more stealthy.
 o - a +3 ring of protection (right hand)
 w - an uncursed ring of protection from fire
 z - an uncursed ring of see invisible
Scrolls
 j - 2 scrolls of blinking
 l - 3 scrolls of remove curse
 m - a scroll of summoning
 s - 4 scrolls of enchant weapon
 v - a scroll of identify
 x - 3 scrolls of fear
 y - 4 scrolls of enchant armour
Potions
 e - 8 potions of curing
 f - 18 potions of heal wounds
 g - 4 potions of haste
 h - 4 potions of magic
 i - 3 potions of berserk rage
 k - 2 potions of invisibility
 p - a potion of resistance
 q - a potion of mutation
 u - a potion of flight


   Skills:
 + Level 19.6 Fighting
 + Level 24.4 Axes
 + Level 19.8 Armour
 + Level 7.1 Dodging
 - Level 3.1 Stealth
 + Level 21.0 Shields


You had 13 spell levels left.
You didn't know any spells.
Your spell library was empty.

Dungeon Overview and Level Annotations

Branches:
Dungeon (1/1)

Altars:
Cheibriados
Dithmenos
Elyvilon
Fedhas
Gozag
Hepliaklqana
Makhleb
Nemelex Xobeh
Okawaru
Qazlal
Ru
Sif Muna
Trog
Vehumet
Wu Jian
Xom
Yredelemnul
Zin
The Shining One
Beogh
Jiyva
Lugonu


Innate Abilities, Weirdness & Mutations

You reflexively headbutt those who attack you in melee.
You have a pair of horns on your head.


Message History

Cops is severely wounded.
You slice Cops!!
Cops is severely wounded.
Cops hits you!!
* * * LOW HITPOINT WARNING * * *
Space warps horribly around you!
* * * LOW HITPOINT WARNING * * *
You slice Cops!!
Cops is almost dead.
Cops hits you!
* * * LOW HITPOINT WARNING * * *
Space bends around you.
* * * LOW HITPOINT WARNING * * *
You slash Cops! Your headbutt misses Cops.
Cops is almost dead.
Unknown command.
You completely miss Cops. Your headbutt misses Cops.
Cops is almost dead.
Cops hits you!!!
You die...

#+#
#.#
#&#
##@##
#)))#
+.††#
##.##
#'#
#.#
#)#
#.#
#'#


You could see Cops.

Vanquished Creatures
  An ancient lich (D)
  A royal mummy (D)
  A Killer Klown (D)
  A pandemonium lord (D)
  An Ice Fiend (D)
  An azure jelly (D)
  A deep elf sorcerer (D)
  A draconian knight (D)
  A ghost moth (D)
  2 emperor scorpions (D)
  An ettin (D)
  A vault guard (D)
  An ice dragon (D)
  A boulder beetle (D)
  An alligator snapping turtle (D)
  A merfolk aquamancer (D)
  3 hell hogs (D)
  A soul eater (D)
  Sonja (D)
  A flayed ghost (D)
  A swamp dragon (D)
  A bog body (D)
  A lindwurm (D)
  2 phantasmal warriors (D)
  A deep elf pyromancer (D)
  4 harpies (D)
  An orc sorcerer (D)
  A guardian serpent (D)
  2 black mambas (D)
  An elephant (D)
  A naga mage (D)
  An eye of devastation (D)
  An orange demon (D)
  A hellion (D)
  A freezing wraith (D)
  2 komodo dragons (D)
  An efreet (D)
  2 ice devils (D)
  A wandering mushroom (D)
  A merfolk (D)
  A red devil (D)
  A polar bear (D)
  A tyrant leech (D)
  A spriggan (D)
  A flying skull (D)
  A redback (D)
  3 water elementals (D)
  2 nagas (D)
  A water moccasin (D)
  An ice beast (D)
  A floating eye (D)
  An orc warrior (D)
  A sky beast (D)
  2 necrophages (D)
  4 wolves (D)
  2 centaurs (D)
  A big kobold (D)
  6 wights (D)
  3 hell rats (D)
  An orc wizard (D)
  A worker ant (D)
  A mummy (D)
  A white imp (D)
  An ufetubus (D)
  An adder skeleton (D)
  A leopard gecko (D)
  5 orcs (D)
  A giant cockroach (D)
  A goblin (D)
  2 hobgoblins (D)
  2 quokkas (D)
  A ball python (D)
  A ball python skeleton (D)
  A ball python zombie (D)
  A bat (D)
  2 frilled lizards (D)
  A quokka zombie (D)
  A rat (D)
110 creatures vanquished.

Vanquished Creatures (collateral kills)
  A lindwurm (D)
  A manticore (D)
  A sky beast (D)
  A wight (D)
4 creatures vanquished.

Vanquished Creatures (others)
  A wight (D)
  An orc (D)
2 creatures vanquished.

Grand Total: 116 creatures vanquished

Notes
Turn   | Place    | Note
-------+----------+-------------------------------------------
     0 | D        | mhtbhm the Minotaur Fighter began the quest for the Orb.
     0 | D        | Reached XP level 1. HP: 19/19 MP: 0/0
    24 | D        | Found a bloodstained altar of Trog.
    24 | D        | Found a shimmering blue altar of Sif Muna.
    24 | D        | Found a viscous altar of Jiyva.
    24 | D        | Found a hazy altar of Hepliaklqana.
    24 | D        | Found an opulent altar of Gozag.
    25 | D        | Found a glowing golden altar of the Shining One.
    25 | D        | Found a glowing silver altar of Zin.
    25 | D        | Found a basalt altar of Yredelemnul.
    25 | D        | Found a shimmering altar of Xom.
    25 | D        | Found an ornate altar of the Wu Jian Council.
    25 | D        | Found a sacrificial altar of Ru.
    25 | D        | Found a stormy altar of Qazlal.
    25 | D        | Found an iron altar of Okawaru.
    25 | D        | Found a sparkling altar of Nemelex Xobeh.
    25 | D        | Found a burning altar of Makhleb.
    25 | D        | Found a blossoming altar of Fedhas.
    25 | D        | Found a white marble altar of Elyvilon.
    25 | D        | Found a shadowy altar of Dithmenos.
    25 | D        | Found a snail-covered altar of Cheibriados.
    27 | D        | Found a radiant altar of Vehumet.
    27 | D        | Found a corrupted altar of Lugonu.
    27 | D        | Found a roughly hewn altar of Beogh.
    29 | D        | Became a worshipper of Trog the Wrathful
   264 | D        | Reached * piety under Trog
   272 | D        | Noticed a worker ant
   274 | D        | Reached skill level 3 in Axes
   281 | D        | Killed a worker ant
   281 | D        | Reached ** piety under Trog
   282 | D        | Reached skill level 5 in Fighting
   282 | D        | Reached skill level 5 in Armour
   282 | D        | Reached skill level 5 in Shields
   282 | D        | Reached XP level 2. HP: 17/29 MP: 1/1
   282 | D        | Reached XP level 3. HP: 21/36 MP: 2/2
   506 | D        | Noticed a water moccasin
   508 | D        | Noticed a sky beast
   513 | D        | Reached *** piety under Trog
   517 | D        | Reached skill level 4 in Axes
   517 | D        | Killed a water moccasin
   517 | D        | Reached **** piety under Trog
   518 | D        | Reached skill level 6 in Axes
   518 | D        | Reached skill level 1 in Dodging
   518 | D        | Reached XP level 4. HP: 44/45 MP: 3/3
   518 | D        | Reached XP level 5. HP: 49/51 MP: 4/4
   521 | D        | Killed a sky beast
   521 | D        | Reached ***** piety under Trog
   522 | D        | Reached skill level 7 in Axes
   522 | D        | Reached XP level 6. HP: 47/60 MP: 5/5
   700 | D        | Noticed a swamp dragon
   708 | D        | Killed a swamp dragon
   709 | D        | Reached skill level 10 in Axes
   709 | D        | Reached skill level 10 in Armour
   709 | D        | Reached skill level 10 in Shields
   709 | D        | Reached XP level 7. HP: 28/70 MP: 6/6
  1017 | D        | Reached skill level 11 in Axes
  1017 | D        | Reached XP level 8. HP: 65/78 MP: 7/7
  1172 | D        | Noticed a flying skull
  1172 | D        | Noticed a black mamba
  1172 | D        | Noticed a komodo dragon
  1178 | D        | Killed a komodo dragon
  1178 | D        | Received a gift from Trog
  1179 | D        | Reached skill level 1 in Stealth
  1180 | D        | Killed a flying skull
  1181 | D        | Reached skill level 12 in Axes
  1184 | D        | Killed a black mamba
  1185 | D        | Reached skill level 10 in Fighting
  1185 | D        | Reached skill level 5 in Dodging
  1439 | D        | Noticed a deep elf pyromancer
  1439 | D        | Noticed a lindwurm
  1447 | D        | Killed a deep elf pyromancer
  1448 | D        | Reached skill level 13 in Axes
  1448 | D        | Reached XP level 9. HP: 85/85 MP: 8/8
  1452 | D        | Killed a lindwurm
  1452 | D        | Reached ****** piety under Trog
  1453 | D        | Reached skill level 14 in Axes
  1736 | D        | Noticed a red devil
  1736 | D        | Noticed an eye of devastation
  1746 | D        | Killed an eye of devastation
  1762 | D        | Killed a red devil
  1928 | D        | Noticed a freezing wraith
  1931 | D        | Noticed a hell hog
  1931 | D        | Noticed a hell hog
  1931 | D        | Noticed a hell hog
  1935 | D        | Killed a freezing wraith
  1935 | D        | Received a gift from Trog
  1938 | D        | Killed a hell hog
  1939 | D        | Reached skill level 15 in Axes
  1939 | D        | Reached XP level 10. HP: 77/96 MP: 9/9
  1939 | D        | Killed a hell hog
  1943 | D        | Killed a hell hog
  1944 | D        | Reached skill level 16 in Axes
  2201 | D        | Noticed an emperor scorpion
  2203 | D        | Noticed Sonja
  2216 | D        | Killed Sonja
  2220 | D        | Killed an emperor scorpion
  2220 | D        | Received a gift from Trog
  2221 | D        | Reached skill level 17 in Axes
  2469 | D        | Noticed a flayed ghost
  2473 | D        | Killed a flayed ghost
  2474 | D        | Reached skill level 15 in Shields
  2481 | D        | Reached XP level 11. HP: 107/107 MP: 10/10
  2626 | D        | Noticed an ancient lich
  2634 | D        | Killed an ancient lich
  2635 | D        | Reached skill level 19 in Axes
  2635 | D        | Reached skill level 15 in Armour
  2673 | D        | Noticed a royal mummy
  2684 | D        | Killed a royal mummy
  2685 | D        | Reached skill level 15 in Fighting
  2685 | D        | Reached skill level 20 in Axes
  2685 | D        | Reached XP level 12. HP: 10/119 MP: 11/11
  3063 | D        | Noticed an Ice Fiend
  3070 | D        | Killed an Ice Fiend
  3070 | D        | Received a gift from Trog
  3071 | D        | Reached skill level 21 in Axes
  3078 | D        | Got an ichor-stained broad axe {god gift}
  3079 | D        | Identified the +2 broad axe "Qiyddotaa" {flame, Str+3}
                  | (Trog gifted it to you in the Dungeon)
  3474 | D        | Received a gift from Trog
  3575 | D        | Received a gift from Trog
  3817 | D        | Received a gift from Trog
  3940 | D        | Paralysed by a floating eye for 2 turns
  3944 | D        | Received a gift from Trog
  3947 | D        | Reached skill level 22 in Axes
  4128 | D        | Noticed a boulder beetle
  4137 | D        | Received a gift from Trog
  4144 | D        | Killed a boulder beetle
  4151 | D        | Got an ancient broad axe {god gift}
  4152 | D        | Identified the +7 broad axe "Ynaehomm" {flame, Str+3} (Trog
                  | gifted it to you in the Dungeon)
  4228 | D        | Noticed an alligator snapping turtle
  4242 | D        | Received a gift from Trog
  4246 | D        | Reached XP level 13. HP: 110/130 MP: 12/12
  4252 | D        | Received a gift from Trog
  4296 | D        | Got a brightly glowing broad axe {god gift}
  4297 | D        | Identified the +8 broad axe "Hogihef" {vorpal, rN+++ Will-
                  | Str+3 Dex-2} (Trog gifted it to you in the Dungeon)
  4609 | D        | Noticed an emperor scorpion
  4623 | D        | Killed an emperor scorpion
  4623 | D        | Received a gift from Trog
  4628 | D        | Reached skill level 23 in Axes
  4631 | D        | Got the ring of the Camelopard {Will+ EV+4 Stlth+}
  5029 | D        | Noticed a Killer Klown
  5037 | D        | Killed a Killer Klown
  5106 | D        | Noticed Hiduf the pandemonium lord
  5122 | D        | Killed Hiduf the pandemonium lord
  5241 | D        | Noticed an ettin
  5245 | D        | Killed an ettin
  5269 | D        | Noticed a yellow draconian knight
  5269 | D        | Noticed a deep elf sorcerer
  5269 | D        | Noticed an azure jelly
  5273 | D        | Killed an azure jelly
  5273 | D        | Received a gift from Trog
  5277 | D        | Reached skill level 24 in Axes
  5277 | D        | Killed a deep elf sorcerer
  5280 | D        | Killed a ghost moth
  5282 | D        | Killed a yellow draconian knight
  5282 | D        | Received a gift from Trog
  5283 | D        | Reached XP level 14. HP: 145/146 MP: 0/13
  5470 | D        | Noticed Cops the pandemonium lord
  5489 | D        | HP: 6/219 [Cops the pandemonium lord (11)]
  5489 | D        | HP: 1/219 [Cops the pandemonium lord (5)]
  5491 | D        | Annihilated by Cops the pandemonium lord

Illustrated notes

Levels and vault maps discovered:
D:        pitsprint [storerooms_1, entrance_room_1, metal_vault_1, armoury_1,
          mini_pit_1, grid_room_1, main_hall_1, silver_pit, the_coven_1,
          the_vestibule_1, steel_vault_5, golden_pit, hallway_of_sentries,
          crystal_vault_3, iron_vault_1, final_vault]

Skill      XL: |  1  2  3  4  5  6  7  8  9 10 11 12 13 14 |
---------------+-------------------------------------------+-----
Fighting       | 5 6 7 9 10 11 13 15 16 19 | 19.6
Armour         | 5 7 8 10 11 12 13 14 16 18 19 | 19.8
Shields        | 5 7 8 10 11 12 13 15 17 19 20 21 | 21.0
Axes           | 3 6 7 10 11 13 15 17 20 22 24 | 24.4
Dodging        | 1 3 5 6 7 |  7.1
Stealth        | 1 2 3 |  3.1

Action                   |  1- 3 |  4- 6 |  7- 9 | 10-12 | 13-15 || total
-------------------------+-------+-------+-------+-------+-------++-------
Melee: Hand axe          |    25 |    12 |    34 |       |       ||    71
       War axe           |     5 |       |       |       |       ||     5
       Headbutt          |     2 |     3 |    11 |    24 |    10 ||    50
       Broad axe         |       |       |    30 |   122 |    76 ||   228
Invok: Berserk           |     1 |     1 |     4 |     9 |     4 ||    19
       Brothers in Arms  |       |       |       |     1 |       ||     1
  Use: Potion            |       |       |     1 |       |     2 ||     3
       Scroll            |       |       |       |       |     1 ||     1
Armor: Scale mail        |     9 |     2 |       |       |       ||    11
       Swamp dragon scal |       |       |     5 |       |       ||     5
       Plate armour      |       |       |    14 |    81 |    13 ||   108
Dodge: Dodged            |    13 |     2 |    15 |    28 |    15 ||    73
Block: Kite shield       |    22 |     5 |    38 |    88 |    32 ||   185

Table legend: (Time is in decaauts)
 A = Elapsed time spent in this place.
 B = Non-inter-level travel time spent in this place.
 C = Inter-level travel time spent in this place.
 D = Time resting spent in this place.
 E = Time spent auto-exploring this place.
 F = Levels seen in this place.
 G = Mean time per level.
                   A        B        C        D        E       F      G
               +--------+--------+--------+--------+--------+-----+--------+
         Total |   5592 |   5521 |     71 |   4364 |      0 |   1 | 5592.0 |
       Dungeon |   5592 |   5521 |     71 |   4364 |      0 |   1 | 5592.0 |
               +--------+--------+--------+--------+--------+-----+--------+

Top non-repeatable levels by time:
       D: 5592 daAuts
